 Dungeon Crawl Stone Soup version 0.19-a0-45-g2c295ea (webtiles) character file.

152 nubinia the Firebug (level 5, 1/32 HPs)
             Began as a High Elf Fire Elementalist on May 5, 2016.
             Quit the game on level 2 of the Dungeon.
             The game lasted 00:10:02 (3008 turns).

nubinia the Firebug (High Elf Fire Elementalist)    Turns: 3008, Time: 00:10:03

Health: 1/32       AC:  2    Str:  7    XL:     5   Next: 11%
Magic:  3/10       EV: 13    Int: 19    God:
Gold:   36         SH:  0    Dex: 16    Spells: 3 memorised, 4 levels left

rFire  . . .     SeeInvis .     i - +0 dagger (drain)
rCold  . . .     Gourm    .     a - +0 robe
rNeg   . . .     Faith    .     (no shield)
rPois  .         Spirit   .     (no helmet)
rElec  .         Dismiss  .     (no cloak)
rCorr  .         Reflect  .     (no gloves)
SustAt .         Harm     .     (no boots)
MR     .....     Rnd*Tele +     (no amulet)
Stlth  ++........               (no ring)
                                m - ring of teleportation (curse)

@: lethally poisoned (1 -> -6), not resistant to hostile enchantments,
unstealthy
A: no striking features
a: no special abilities


You were on level 2 of the Dungeon.
You were very hungry.

You visited 1 branch of the dungeon, and saw 3 of its levels.

You collected 36 gold pieces.

Inventory:

Hand Weapons
 f - a +0 dagger
 h - a +0 blowgun
 i - a +0 dagger of draining (weapon)
Missiles
 k - 14 poisoned needles
Armour
 a - a +0 robe (worn)
Jewellery
 m - a cursed ring of teleportation (left hand)
Scrolls
 d - a scroll of teleportation
 e - a scroll of magic mapping
Potions
 l - a potion of invisibility
Books
 b - a book of Flames

   Spells                             Type                      Level
   a - Flame Tongue                   Conjuration/Fire             1
   b - Throw Flame                    Conjuration/Fire             2
   c - Conjure Flame                  Conjuration/Fire             3
   d - Inner Flame                    Hexes/Fire                   3
   e - Sticky Flame                   Conjuration/Fire             4
   f - Fireball                       Conjuration/Fire             5
Comestibles
 c - 4 bread rations
 j - a beef jerky


   Skills:
 + Level 0.8 Fighting
 + Level 2.7 Dodging
 + Level 3.3 Stealth
 + Level 3.3 Spellcasting
 + Level 2.4 Conjurations
 + Level 4.0 Fire Magic


You had 4 spell levels left.
You knew the following spells:

 Your Spells              Type           Power        Failure   Level  Hunger
a - Flame Tongue          Conj/Fire      ###..        4%          1    None
b - Throw Flame           Conj/Fire      ###...       8%          2    ##.....
c - Conjure Flame         Conj/Fire      ###.....     12%         3    ###....


Dungeon Overview and Level Annotations

Branches:
Dungeon (3/15)

Altars:
Gozag
Nemelex Xobeh

Annotations:
D:3 Natasha


Message History

Unknown command.
Unknown command.
Unknown command.
Casting: Flame Tongue
Confirm with . or Enter, or press ? or * to list all spells.
Aiming: Flame Tongue
Press: ? - help, Shift-Dir - straight line, f/p - adder
Aim: an adder (heavily wounded)
The flame tongue hits the adder.
The adder is severely wounded.
The adder completely misses you. The adder barely misses you.
Drink which item? (? for menu, Esc to quit)
It was a potion of cancellation.
Your magical contamination has completely faded away.
You feel magically purged.
* * * LOW HITPOINT WARNING * * *
You feel sick. The adder misses you.
Quiver which item? (- for none, * to show all) (? for menu, Esc to quit)
Okay, then.
Are you sure you want to abandon this character and quit the game? (Confirm with "yes".)

.#.#.#...........# #.##.#
.#.#.#...........# #.##.#
.#.#.#........#..###.##.#
.#.#.#........#...##.##.#########
.#.#.##.......##..##.##..........
##.#.####..........#.############
...#.# #..........#.#..........#
#..#.# #......S.....#.#####...##
#..#.####.......@....#.# #.####
#..#....'............#.# #.....
#..#<####........#...#.# ######
#..#.................#.#
#..################.>#.##
#.............#######...#
#.#############.....###.# #.....#
##...⌠...##.# #.###.#
#.........#.#


You could see an adder.

Vanquished Creatures
  An orc priest (D:3)
  5 adders
  An ooze (D:3)
  A worm (D:3)
  3 dart slugs
  2 giant geckos
  4 orcs (D:3)
  5 giant cockroaches
  4 goblins
  6 hobgoblins
  2 jackals (D:1)
  A quokka (D:2)
  7 bats
  9 kobolds
  10 rats
61 creatures vanquished.

Notes
Turn   | Place    | Note
--------------------------------------------------------------
     0 | D:1      | nubinia the High Elf Fire Elementalist began the quest for the Orb.
     0 | D:1      | Reached XP level 1. HP: 11/11 MP: 4/4
   222 | D:1      | Reached XP level 2. HP: 17/17 MP: 0/6
   493 | D:1      | Learned a level 2 spell: Throw Flame
   963 | D:2      | Reached XP level 3. HP: 12/21 MP: 8/8
  1091 | D:2      | Learned a level 3 spell: Conjure Flame
  1865 | D:2      | Reached XP level 4. HP: 24/27 MP: 9/9
  1932 | D:2      | Found a sparkling altar of Nemelex Xobeh.
  1934 | D:2      | Found an opulent altar of Gozag.
  2702 | D:3      | Reached skill level 4 in Fire Magic
  2703 | D:3      | Reached XP level 5. HP: 16/32 MP: 3/10
  2827 | D:3      | Noticed Natasha
  3007 | D:2      | HP: 1/32 [poisoned by an adder]
  3008 | D:2      | Quit the game

Vault maps used:
D:1:      dpeg_arrival_short_road
D:2:      grunt_temple_overflow_opulence, first_bread, moated_statue
D:3:      kennysheep_ying_yang, st_stairs_5, uniq_natasha

Skill      XL: |  1  2  3  4 |
---------------+-------------+-----
Spellcasting   | 3 |  3.3
Stealth        | 3 |  3.3
Conjurations   | 2 |  2.4
Fire Magic     | 4 |  4.0
Fighting       | |  0.8
Dodging        | |  2.7

Action                   |  1- 3 |  4- 6 || total
-------------------------+-------+-------++-------
Melee: Dagger            |    35 |     8 ||    43
 Cast: Flame Tongue      |    50 |    49 ||    99
  Use: Scroll            |     4 |       ||     4
       Potion            |       |     1 ||     1
 Stab: Sleeping          |     5 |     5 ||    10
  Eat: Chunk             |     3 |     2 ||     5
Armor: Robe              |     8 |     3 ||    11
Dodge: Dodged            |    27 |    27 ||    54
